AoeStats
← The Potato King

Arabia

509848795Analyzed
2v2 RM · 5d ago on Sep 28, 2026· 47m 32s· 4 players
Game mode
Random Map
Map size
Medium (4 player)
Population
200
Speed
Normal
Resources
Standard
Victory
Conquest
Starting age
Dark Age
Ending age
Imperial Age
RankedLock teamsTeams togetherTeam positionsShared explorationLock speedFull tech treeHidden civsTurbo modeCheats
Victory
Defeat
🇬🇧 Franks · United Kingdom
1155
+14
🇬🇧 Franks · United Kingdom
1151
+15
🇲🇹 Franks · Malta
1128
-15
🇦🇷 Mongols · Argentina
1115
-14
0xLexA.23
6:56 Loom
9:23 Feudal Age
11:34 Double-Bit Axe
12:31 Gold Mining
12:36 Fletching
12:47 Padded Archer Armor
16:18 Horse Collar
22:02 Castle Age
21:05 Padded Archer Armor
23:32 Gold Shaft Mining
22:19 Crossbowman
23:05 Thumb Ring
23:01 Bodkin Arrow
23:47 Bow Saw
25:03 Masonry
25:19 Ballistics
25:49 Town Watch
28:55 Wheelbarrow
29:08 Leather Archer Armor
34:37 Imperial Age
33:29 Hand Cart
35:21 Bracer
34:43 Arbalester
36:53 Chemistry
37:50 Forging
37:45 Scale Barding Armor
39:32 Elite Mangudai
40:33 Conscription
43:12 Bloodlines
43:02 Husbandry
JuLi4n00
5:23 Loom
9:23 Feudal Age
12:27 Double-Bit Axe
22:11 Castle Age
22:40 Wheelbarrow
22:12 Scale Barding Armor
22:18 Forging
24:13 Chain Barding Armor
25:30 Iron Casting
35:25 Imperial Age
33:48 Hand Cart
38:54 Cavalier
43:28 Town Watch
44:18 Conscription
45:54 Paladin
The Potato King
2:51 Loom
11:07 Feudal Age
15:15 Double-Bit Axe
17:45 Forging
19:37 Scale Barding Armor
23:15 Castle Age
21:41 Gold Mining
24:15 Husbandry
26:43 Scale Barding Armor
27:26 Fletching
28:51 Gold Shaft Mining
28:35 Bow Saw
33:14 Wheelbarrow
33:18 Chain Barding Armor
34:40 Iron Casting
39:35 Imperial Age
40:19 Hand Cart
40:13 Cavalier
41:34 Plate Barding Armor
42:51 Blast Furnace
43:12 Paladin
44:48 Chivalry
Earl J Turkey
4:32 Loom
11:22 Feudal Age
12:01 Double-Bit Axe
16:36 Fletching
21:00 Castle Age
20:36 Scale Barding Armor
21:44 Forging
22:45 Chain Barding Armor
24:15 Gold Mining
26:17 Iron Casting
30:56 Wheelbarrow
32:40 Gold Shaft Mining
32:28 Bow Saw
38:34 Imperial Age
39:53 Plate Barding Armor
38:40 Cavalier
39:23 Husbandry
41:07 Blast Furnace
40:23 Paladin
Connection lost

Rejoining the realm…

Still unreachable

The connection could not be restored.

Session expired

The server has moved on; the page needs a fresh start.